AoeStats
← Iamak3186

Arabia

505046757Analyzed
1v1 RM · 25d ago on Sep 7, 2026· 30m 6s· 2 players
Game mode
Random Map
Map size
Tiny (2 player)
Population
200
Speed
Normal
Resources
Standard
Victory
Conquest
Starting age
Dark Age
Ending age
Imperial Age
RankedLock teamsTeams togetherTeam positionsShared explorationLock speedFull tech treeHidden civsTurbo modeCheats
Victory
Defeat
🇮🇳 Mongols · India
1202
+15
🇹🇼 Bohemians · Taiwan
1190
-15
xyz030206
6:27 Loom
9:23 Feudal Age
10:04 Double-Bit Axe
10:19 Horse Collar
21:33 Castle Age
21:18 Padded Archer Armor
21:09 Fletching
21:55 Crossbowman
21:58 Elite Skirmisher
26:36 Wheelbarrow
Iamak3186
7:54 Feudal Age
6:40 Loom
8:32 Double-Bit Axe
15:08 Horse Collar
17:08 Wheelbarrow
20:59 Castle Age
19:38 Fletching
20:47 Gold Mining
21:09 Crossbowman
21:45 Bodkin Arrow
22:04 Bow Saw
26:53 Heavy Plow
28:58 Scale Barding Armor
Connection lost

Rejoining the realm…

Still unreachable

The connection could not be restored.

Session expired

The server has moved on; the page needs a fresh start.